[Event "European School-ch 2019"]
[Site "Mamaia"]
[Date "2019.06.03"]
[Round "4.55"]
[White "Babayeva, Nasrin"]
[Black "Vorobyova, Ekaterina"]
[Result "0-1"]
[ECO "A20"]
[WhiteElo "1451"]
[BlackElo "1795"]
[Annotator "NA"]
[PlyCount "68"]
[EventDate "2019.05.31"]
[EventType "swiss"]
[EventCountry "ROU"]
[SourceTitle "playchess.com"]
[Source "ChessBase"]
[SourceQuality "1"]
[TimeControl "40/5400+30:1800+30"]

1. c4 e5 2. g3 Nf6 3. Bg2 c6 4. Nf3 Qc7 5. O-O Be7 6. Nc3 O-O 7. e3 d5 8. cxd5 cxd5 9. d4 e4 10. Ne1 b6 11. f3 Bb7 12. Qc2 exf3 13. Bxf3 Na6 14. a3 Rac8 15. Qg2 Qc4 16. Bd2 Nc7 17. Rc1 Qa6 18. Be2 b5 19. Nd3 Ne4 20. Nxe4 dxe4 21. Nc5 Bxc5 22. Rxc5 Qg6 23. Rfc1 Ne6 24. Rxc8 Rxc8 25. Rxc8+ Bxc8 26. Bxb5 Ng5 27. Bc3 Nh3+ 28. Kh1 Qg5 29. Qf1 Qxe3 30. Bc4 Nf2+ 31. Kg1 Nh3+ 32. Kh1 Qf3+ 33. Qxf3 exf3 34. d5 Bf5 0-1

[Event "European School-ch 2019"]
[Site "Mamaia"]
[Date "2019.06.04"]
[Round "5.5"]
[White "Farcadi, Hunor"]
[Black "Ozkurt, Kutay"]
[Result "1-0"]
[ECO "D00"]
[WhiteElo "2049"]
[BlackElo "1885"]
[Annotator "NA RC"]
[PlyCount "155"]
[EventDate "2019.05.31"]
[EventType "swiss"]
[EventCountry "ROU"]
[SourceTitle "playchess.com"]
[Source "ChessBase"]
[SourceQuality "1"]
[TimeControl "40/5400+30:1800+30"]

1. d4 d5 2. Bf4 Nf6 3. e3 c5 4. c3 Nc6 5. Nd2 Bf5 (5... Qb6 6. Qb3 Nh5 7. Qxb6 axb6 8. Bc7 cxd4 9. exd4 e5 10. Bxe5 Nxe5 11. dxe5 Bc5 12. g3 O-O {1-0 (76) Aronian,L (2765)-Caruana,F (2832) London 2018}) 6. Qb3 {[%emt 0:13:26] D00: 1 d4 d5: Unusual lines} Qd7 7. Ngf3 c4 8. Qd1 e6 9. Ne5 Nxe5 10. dxe5 Ne4 11. Nf3 $146 ({Predecessor:} 11. Nxe4 Bxe4 12. f3 Bg6 {½-½ (46) Muschik,B (2277)-Zelcic,R (2513) Kirchweyhe 2018}) 11... Qb5 12. Qc1 Be7 13. Nd4 Qb6 14. Nxf5 exf5 15. h4 Qe6 16. Be2 Nc5 17. Qd2 Rd8 18. Rd1 Qg6 19. Kf1 Qe6 20. b4 cxb3 21. axb3 Nxb3 22. Bb5+ $11 Kf8 23. Qa2 a6 24. Qxb3 axb5 25. Qxb5 Qa6 26. Qxa6 bxa6 27. Ra1 Ra8 28. Ra5 h5 29. Rxd5 a5 30. Ke2 a4 31. Bg5 Bxg5 32. hxg5 Ke7 33. Ra1 a3 34. Rb5 Ra4 35. f4 Rha8 36. Ra2 Ke6 37. Kd3 g6 38. c4 R8a7 39. Kc3 Kd7 40. Rb6 Rc7 41. Rb4 Ra6 42. Kb3 Rca7 43. Rd2+ Ke6 44. Ka2 Ke7 45. Rd3 Ke6 46. c5 Ke7 47. Rb6 Ra5 48. c6 Rc7 49. Rb7 Ra7 50. Rxa7 Rxa7 51. Rxa3 Rc7 52. Rc3 Ke6 53. Rc5 Ke7 54. Kb3 Kd8 55. Kc4 Ra7 56. Rd5+ Kc8 57. Rd7 Rxd7 58. cxd7+ Kxd7 59. Kc5 h4 60. Kd5 Ke7 61. e4 fxe4 62. Kxe4 Ke6 63. Ke3 Kd5 64. Kd3 Ke6 65. Ke4 Ke7 66. Kf3 h3 67. gxh3 Kd7 68. Ke3 Ke7 69. Ke4 Kd7 70. f5 Ke7 71. f6+ Ke6 72. h4 Kd7 73. Kd5 Ke8 74. e6 fxe6+ 75. Kxe6 Kf8 76. f7 Kg7 77. Ke7 Kh7 78. Kf6 1-0

[Event "European School-ch 2019"]
[Site "Mamaia"]
[Date "2019.06.04"]
[Round "5.6"]
[White "Sahin, Hayrun Nisa"]
[Black "Zemnitskiy, Alexander"]
[Result "0-1"]
[ECO "B40"]
[WhiteElo "1734"]
[BlackElo "2024"]
[Annotator "NA RC"]
[PlyCount "84"]
[EventDate "2019.05.31"]
[EventType "swiss"]
[EventCountry "ROU"]
[SourceTitle "playchess.com"]
[Source "ChessBase"]
[SourceQuality "1"]
[TimeControl "40/5400+30:1800+30"]

1. e4 c5 2. Nf3 e6 3. c3 Nf6 4. e5 Nd5 5. d4 cxd4 6. cxd4 d6 7. a3 dxe5 8. dxe5 Qa5+ 9. Nbd2 Nc6 10. g3 Ndb4 11. Be2 Na6 12. O-O Nxe5 13. Nxe5 Qxe5 14. Nc4 Qd5 15. Bf4 Nc5 16. Re1 Qxd1 17. Raxd1 Bd7 18. b4 Na4 19. Na5 Nc3 20. Bf3 Nxd1 21. Rxd1 Rc8 22. Bxb7 Rc3 23. Be3 Rxa3 24. Bc6 Bxc6 25. Nxc6 Be7 26. Bxa7 Bf6 27. Bc5 Ra1 28. Rxa1 Bxa1 29. Kf1 Kd7 30. Na5 Rb8 31. Ke2 Bc3 32. Nc4 Bxb4 33. Ne5+ Ke8 34. Be3 Bd6 35. Nc4 Ke7 36. Kd3 h5 37. h3 e5 38. Ke4 Ke6 39. g4 g6 40. gxh5 f5+ 41. Kd3 gxh5 42. Nb6 f4 {[%emt 0:00:23] Kd4} 0-1

[Event "European School-ch 2019"]
[Site "Mamaia"]
[Date "2019.06.04"]
[Round "5.7"]
[White "Tinarlioglu, Emre"]
[Black "Ognean, Mihnea-Ionut"]
[Result "0-1"]
[ECO "B07"]
[WhiteElo "1907"]
[BlackElo "2260"]
[Annotator "RC"]
[PlyCount "109"]
[EventDate "2019.05.31"]
[EventType "swiss"]
[EventCountry "ROU"]
[SourceTitle "playchess.com"]
[Source "ChessBase"]
[SourceQuality "1"]
[TimeControl "40/5400+30:1800+30"]

1. e4 d6 2. d4 Nf6 3. Nc3 g6 4. Bg5 Bg7 5. Qd2 h6 6. Bh4 O-O 7. f4 c6 8. Nf3 b5 9. a3 Nbd7 10. e5 Ne8 11. Bd3 Nb6 12. O-O Be6 13. b3 Nc7 14. Ne4 f6 15. exf6 exf6 16. Bf2 f5 17. Nc3 a5 18. a4 b4 19. Ne2 Nbd5 20. Kh1 Qd7 21. Qd1 Kh7 22. Nd2 Nb6 23. Ng1 Rfe8 24. Qf3 Bd5 25. Qg3 Bf6 26. Ngf3 Ne6 27. Rae1 Qg7 28. Rxe6 Rxe6 29. Qh3 Re7 30. Ne5 Nd7 31. Nec4 Bxd4 32. Nxd6 Bxf2 33. Rxf2 Nf6 34. Rf1 Rd8 35. N6c4 Ng4 36. Qg3 Qd4 37. Nf3 Qf6 38. Nfe5 Nxe5 39. Nxe5 Be4 40. Bxe4 fxe4 41. Ng4 Qg7 42. Ne5 Rf8 43. Nxc6 Ref7 44. h3 Qc3 45. Qxc3 bxc3 46. Re1 Rxf4 47. Kg1 Rf2 48. Nd4 Rd2 49. Rxe4 Rff2 50. g4 Kg7 51. Nb5 Rg2+ 52. Kh1 Rh2+ 53. Kg1 Rdg2+ 54. Kf1 Rxc2 55. Kg1 0-1

[Event "European School-ch 2019"]
[Site "Mamaia"]
[Date "2019.06.04"]
[Round "5.8"]
[White "Ceres, Dragos"]
[Black "Neshev, Nikola"]
[Result "0-1"]
[ECO "C50"]
[WhiteElo "2291"]
[BlackElo "1370"]
[Annotator "RC"]
[PlyCount "110"]
[EventDate "2019.05.31"]
[EventType "swiss"]
[EventCountry "ROU"]
[SourceTitle "playchess.com"]
[Source "ChessBase"]
[SourceQuality "1"]
[TimeControl "40/5400+30:1800+30"]

1. e4 e5 2. Nf3 Nc6 3. Bc4 Nf6 4. d3 Bc5 5. O-O O-O 6. Nbd2 d6 7. c3 a5 8. a4 Be6 9. h3 Qd7 10. Bb5 Qc8 11. Re1 Bxh3 12. gxh3 Qxh3 13. d4 exd4 14. cxd4 Nxd4 15. Nxd4 Bxd4 16. Qf3 Qh4 17. Kg2 Ng4 18. Qg3 Qxg3+ 19. fxg3 Ne3+ 20. Rxe3 Bxe3 21. Nf3 Bxc1 22. Rxc1 c6 23. Bd3 Rfe8 24. Rh1 h6 25. g4 Rad8 26. Rh5 b6 27. Nd4 Rc8 28. Kf3 Re5 29. Rh1 d5 30. Kf4 Re7 31. Rc1 Rec7 32. Ba6 Ra8 33. exd5 Rxa6 34. dxc6 Ra8 35. Nb5 Re7 36. c7 Rc8 37. b3 Kh7 38. Rc6 Re6 39. Rc1 Re7 40. Rc6 Kg8 41. Kf5 Kf8 42. Rc1 g6+ 43. Kf4 Ke8 44. Rc6 Re6 45. Rc1 Kd7 46. Rd1+ Kc6 47. Nd4+ Kxc7 48. Nxe6+ fxe6 49. Ke5 Rd8 50. Rc1+ Kd7 51. Kf6 Rf8+ 52. Kxg6 Rg8+ 53. Kh5 Rg5+ 54. Kh4 e5 55. Rh1 Rg6 0-1

[Event "European School-ch 2019"]
[Site "Mamaia"]
[Date "2019.06.04"]
[Round "5.9"]
[White "Padurariu, Mihai-Edward"]
[Black "Kasaeva, Sofiia"]
[Result "1/2-1/2"]
[ECO "C28"]
[WhiteElo "2090"]
[BlackElo "1890"]
[Annotator "NA RC"]
[PlyCount "98"]
[EventDate "2019.05.31"]
[EventType "swiss"]
[EventCountry "ROU"]
[SourceTitle "playchess.com"]
[Source "ChessBase"]
[SourceQuality "1"]
[TimeControl "40/5400+30:1800+30"]

1. e4 e5 2. Bc4 Nf6 3. Nc3 Nc6 4. d3 Bb4 5. Nge2 d5 6. exd5 Nxd5 7. O-O Nxc3 8. Nxc3 O-O 9. Be3 $146 {[%emt 0:09:16] C28: Vienna Game: 2...Nf6 3 Bc4 Nc6} ({Predecessor:} 9. f4 Na5 10. Bb3 Nxb3 11. axb3 exf4 12. Bxf4 Qd4+ 13. Kh1 Bxc3 14. bxc3 Qxc3 15. Ra4 b5 16. Re4 Qc6 {0-1 (62) Mitkov,N (2556)-Barcenilla,R (2503) ICC INT 2008}) 9... Na5 10. Bb3 Nxb3 11. axb3 a5 12. Kh1 Bd6 13. Nb5 Bd7 14. Nxd6 cxd6 15. f4 f5 16. Qd2 Qc7 17. d4 e4 18. d5 Rfc8 19. Rfc1 b5 20. c4 Qd8 21. Bd4 a4 22. bxa4 bxc4 23. a5 Bb5 24. Ra3 Rcb8 25. Rg3 Rb7 26. Bc3 Rf7 27. Rh3 Rc7 28. Qd1 Be8 29. Qd4 Bg6 30. Ra1 Qd7 31. Re3 Qb5 32. Ree1 Qc5 33. Qd2 Rd7 34. Rad1 Bh5 35. Rc1 Rb7 36. b4 cxb3 37. Bxg7 Qxa5 38. Bc3 Qb6 39. Bb2 Qb4 40. Qf2 Ra2 41. Rc8+ Kf7 42. Qh4 Qxe1+ 43. Qxe1 Rxb2 44. Qc1 $11 Re2 45. Rc7+ Rxc7 46. Qxc7+ Kg8 47. Qd8+ Kg7 48. Qe7+ Bf7 49. Qg5+ Bg6 1/2-1/2

[Event "European School-ch 2019"]
[Site "Mamaia"]
[Date "2019.06.04"]
[Round "5.10"]
[White "Dharmasena, Gavith"]
[Black "Ochedzan, Tymon"]
[Result "0-1"]
[ECO "B54"]
[WhiteElo "1560"]
[BlackElo "2064"]
[Annotator "NA RC"]
[PlyCount "94"]
[EventDate "2019.05.31"]
[EventType "swiss"]
[EventCountry "ROU"]
[SourceTitle "playchess.com"]
[Source "ChessBase"]
[SourceQuality "1"]
[TimeControl "40/5400+30:1800+30"]

1. e4 c5 2. Nf3 d6 3. d4 cxd4 4. Nxd4 Nf6 5. f3 e5 6. Nb3 Be6 7. c4 a5 8. Be3 a4 9. N3d2 Qa5 10. Nc3 Be7 11. Be2 Bd8 12. O-O Bb6 13. Bxb6 Qxb6+ 14. Kh1 Bd7 15. b3 a3 16. Nd5 Nxd5 17. cxd5 Qb4 18. Nc4 b5 19. Nb6 Ra7 20. Nxd7 Nxd7 21. Qd3 Rb7 22. Rfc1 Nc5 23. Qc3 Qxc3 24. Rxc3 b4 25. Rc4 Ke7 26. Rf1 Ra8 27. g3 f6 28. f4 g6 29. fxe5 fxe5 30. h4 h6 31. g4 Rf8 32. Rxf8 Kxf8 33. Kg2 Ke7 34. Kf3 Kf6 35. Ke3 g5 36. h5 Ke7 37. Kf3 Kd8 38. Ke3 Nxb3 39. axb3 Rc7 40. Rxb4 Ra7 41. Rc4 a2 42. Rc1 a1=Q 43. Rxa1 Rxa1 44. b4 Kc7 45. b5 Kb6 46. Kd2 Ra2+ 47. Kd1 Rxe2 0-1

[Event "European School-ch 2019"]
[Site "Mamaia"]
[Date "2019.06.04"]
[Round "5.11"]
[White "Dotsenko, Makar"]
[Black "Balan, Bogdan"]
[Result "0-1"]
[ECO "A61"]
[WhiteElo "1610"]
[BlackElo "2027"]
[Annotator "NA RC"]
[PlyCount "66"]
[EventDate "2019.05.31"]
[EventType "swiss"]
[EventCountry "ROU"]
[SourceTitle "playchess.com"]
[Source "ChessBase"]
[SourceQuality "1"]
[TimeControl "40/5400+30:1800+30"]

1. d4 Nf6 2. c4 e6 3. Nf3 c5 4. d5 d6 5. Nc3 exd5 6. cxd5 g6 7. e4 Bg7 8. Bf4 O-O 9. Bd3 Nh5 10. Bg5 Bf6 11. Bxf6 Qxf6 12. O-O Nf4 13. Re1 Bg4 14. h3 Nxh3+ 15. Kf1 Bxf3 16. Qxf3 Qxf3 17. gxf3 Nf4 18. Bc2 a6 19. a4 Nd7 20. Ne2 Nxe2 21. Rxe2 b5 22. f4 f6 23. Kg2 c4 24. Rae1 Rfe8 25. e5 fxe5 26. fxe5 Rxe5 27. Rxe5 Nxe5 28. f4 Nd3 29. Bxd3 cxd3 30. Rd1 bxa4 31. Rxd3 Rb8 32. Rd2 Rb3 33. Kf2 a3 0-1

[Event "European School-ch 2019"]
[Site "Mamaia"]
[Date "2019.06.04"]
[Round "5.12"]
[White "Silich, Yahor"]
[Black "Nastore, Pavel-Alexandru"]
[Result "1-0"]
[ECO "B51"]
[WhiteElo "2082"]
[BlackElo "1942"]
[Annotator "NA RC"]
[PlyCount "49"]
[EventDate "2019.05.31"]
[EventType "swiss"]
[EventCountry "ROU"]
[SourceTitle "playchess.com"]
[Source "ChessBase"]
[SourceQuality "1"]
[TimeControl "40/5400+30:1800+30"]

1. e4 c5 2. Nf3 d6 3. Bb5+ Nd7 4. d4 cxd4 5. Qxd4 a6 6. Bxd7+ Bxd7 7. Bg5 Rc8 8. O-O Bb5 9. Re1 h6 10. Bh4 Rc4 11. Qd5 g5 12. a4 Rc5 13. Qxb7 Rc7 14. Qb6 Bd7 15. Bg3 Rxc2 16. Qd4 e5 17. Nxe5 dxe5 18. Qxe5+ Be7 19. Qxh8 Kf8 20. Nc3 Be6 21. Rad1 Qb6 22. Qe5 Rxb2 23. Nd5 Bxd5 24. exd5 f6 25. Qe6 1-0

[Event "European School-ch 2019"]
[Site "Mamaia"]
[Date "2019.06.04"]
[Round "5.14"]
[White "Kanli, Alperen"]
[Black "Simonyan, Grigori"]
[Result "0-1"]
[ECO "B33"]
[WhiteElo "1790"]
[BlackElo "2019"]
[Annotator "NA RC"]
[PlyCount "67"]
[EventDate "2019.05.31"]
[EventType "swiss"]
[EventCountry "ROU"]
[SourceTitle "playchess.com"]
[Source "ChessBase"]
[SourceQuality "1"]
[TimeControl "40/5400+30:1800+30"]

1. e4 c5 2. Nf3 Nc6 3. d4 cxd4 4. Nxd4 Nf6 5. Nc3 g6 6. Be3 Bg7 7. Nxc6 bxc6 8. e5 Ng8 9. Bd4 Nh6 10. g4 O-O 11. h3 Qa5 12. Qd2 Bxe5 13. Be3 Qb4 14. Qc1 d5 15. a3 Bxc3+ 16. bxc3 Qxc3+ 17. Kd1 f6 18. Be2 Nf7 19. Rb1 Qa5 20. h4 d4 21. Bd2 Qd5 22. Rg1 Nd6 23. Rb3 e5 24. h5 g5 25. h6 e4 26. c4 Qc5 27. Bb4 Qe5 28. f3 c5 29. Be1 Qh2 30. Rg3 Bd7 31. Rb1 Ba4+ 32. Kd2 e3+ 33. Kd3 Be8 34. Bd2 0-1

[Event "European School-ch 2019"]
[Site "Mamaia"]
[Date "2019.06.04"]
[Round "5.15"]
[White "Tarhan, Adar"]
[Black "Dobre, Radu-Fabian"]
[Result "0-1"]
[ECO "C54"]
[WhiteElo "1964"]
[BlackElo "1978"]
[Annotator "NA RC"]
[PlyCount "130"]
[EventDate "2019.05.31"]
[EventType "swiss"]
[EventCountry "ROU"]
[SourceTitle "playchess.com"]
[Source "ChessBase"]
[SourceQuality "1"]
[TimeControl "40/5400+30:1800+30"]

1. e4 e5 2. Nf3 Nc6 3. Bc4 Bc5 4. c3 Nf6 5. d3 a6 6. a4 Ba7 7. O-O d6 8. Nbd2 O-O 9. h3 Ne7 10. Re1 Ng6 11. Nf1 h6 12. Ng3 b5 13. Bb3 Bb7 14. Nf5 Kh7 15. Qd2 Ng8 16. Qe2 Bb6 17. axb5 axb5 18. Rxa8 Bxa8 19. h4 Nf6 20. g3 Ne7 21. Ng5+ Kg8 22. Nxe7+ Qxe7 23. Nh3 Re8 24. Kg2 d5 25. f3 c5 26. Bc2 Bc6 27. Nf2 Qb7 28. c4 bxc4 29. exd5 Nxd5 30. dxc4 Nf6 31. Bd2 Bc7 32. Bc3 Nd7 33. Qd3 Nf8 34. Qe3 Ne6 35. Ne4 Nd4 36. Nxc5 Nxc2 37. Nxb7 Nxe3+ 38. Rxe3 Bxb7 39. b4 e4 40. f4 Rd8 41. Kf2 f5 42. c5 Bc6 43. Be1 Ra8 44. Rb3 Ra2+ 45. Ke3 Bb5 46. Bd2 Bd8 47. Rc3 Bf6 48. Rb3 Bc4 49. Rb1 Ra3+ 50. Kf2 Bd4+ 51. Kg2 Ra2 52. c6 Rxd2+ 53. Kh3 Bb6 54. Rc1 Bb5 55. h5 e3 56. g4 e2 57. c7 Bxc7 58. g5 Rd3+ 59. Kg2 hxg5 60. h6 gxh6 61. fxg5 Rd1 62. Rxc7 e1=Q 63. Rc8+ Kf7 64. g6+ Kxg6 65. Rg8+ Kf7 0-1

[Event "European School-ch 2019"]
[Site "Mamaia"]
[Date "2019.06.04"]
[Round "5.18"]
[White "Trushko, Andrii"]
[Black "Levin, Guy"]
[Result "0-1"]
[ECO "A05"]
[WhiteElo "1813"]
[BlackElo "2054"]
[Annotator "NA RC"]
[PlyCount "102"]
[EventDate "2019.05.31"]
[EventType "swiss"]
[EventCountry "ROU"]
[SourceTitle "playchess.com"]
[Source "ChessBase"]
[SourceQuality "1"]
[TimeControl "40/5400+30:1800+30"]

1. Nf3 Nf6 2. g3 e6 3. Bg2 d5 4. O-O Be7 5. c4 dxc4 6. Qa4+ c6 7. Qxc4 b5 8. Qc2 Bb7 9. d4 Nbd7 10. a4 a6 11. Bg5 Nd5 12. Bxe7 Qxe7 13. axb5 cxb5 14. Nc3 Nxc3 15. Qxc3 Rc8 16. Qd2 O-O 17. Ne1 Nb6 18. b3 Rfd8 19. Bxb7 Qxb7 20. Nf3 Nd5 21. Rfc1 Rxc1+ 22. Qxc1 f6 23. Qa3 Nc3 24. Qb2 b4 25. Qc2 Qb5 26. Kf1 a5 27. Re1 Qc6 28. Kg1 Qa6 29. h4 Rc8 30. Qd2 Qc6 31. Ra1 Qe4 32. Re1 Nb5 33. Qd3 Qxd3 34. exd3 Rc3 35. Rxe6 Rxd3 36. Re3 Rd1+ 37. Kg2 Kf7 38. Re2 Nxd4 39. Nxd4 Rxd4 40. Rc2 Rd5 41. Rc7+ Kg6 42. Ra7 h5 43. Ra8 Kf5 44. Rh8 Ke4 45. Rh7 Kd3 46. Rxg7 Kc3 47. f3 Kxb3 48. g4 a4 49. g5 fxg5 50. hxg5 a3 51. f4 Ra5 0-1

[Event "European School-ch 2019"]
[Site "Mamaia"]
[Date "2019.06.04"]
[Round "5.19"]
[White "Gurel, Ediz"]
[Black "Durak, Can"]
[Result "1/2-1/2"]
[ECO "B36"]
[WhiteElo "1914"]
[BlackElo "1646"]
[Annotator "NA RC"]
[PlyCount "56"]
[EventDate "2019.05.31"]
[EventType "swiss"]
[EventCountry "ROU"]
[SourceTitle "playchess.com"]
[Source "ChessBase"]
[SourceQuality "1"]
[TimeControl "40/5400+30:1800+30"]

1. e4 c5 2. Nf3 Nc6 3. d4 cxd4 4. Nxd4 g6 5. c4 Nf6 6. Nc3 Nxd4 7. Qxd4 d6 8. Be2 Bg7 9. Be3 O-O 10. Qd2 Be6 11. O-O Qa5 12. f3 Rfc8 13. b3 a6 14. Rad1 b5 15. Nd5 Qxd2 16. Rxd2 Nxd5 17. exd5 Bd7 18. Rc1 a5 19. Bd3 a4 20. c5 dxc5 21. Rxc5 Bc3 22. Re2 Bb4 23. Rxc8+ Rxc8 24. Rc2 Rxc2 25. Bxc2 axb3 26. Bxb3 Bf5 27. a4 bxa4 28. Bxa4 Bd3 1/2-1/2

[Event "European School-ch 2019"]
[Site "Mamaia"]
[Date "2019.06.04"]
[Round "5.20"]
[White "Sapocinic, Semion"]
[Black "Nemsadze, Daviti"]
[Result "1/2-1/2"]
[ECO "B67"]
[WhiteElo "1697"]
[BlackElo "1803"]
[Annotator "NA RC"]
[PlyCount "34"]
[EventDate "2019.05.31"]
[EventType "swiss"]
[EventCountry "ROU"]
[SourceTitle "playchess.com"]
[Source "ChessBase"]
[SourceQuality "1"]
[TimeControl "40/5400+30:1800+30"]

1. e4 c5 2. Nf3 d6 3. d4 cxd4 4. Nxd4 Nf6 5. Nc3 Nc6 6. Bg5 e6 7. Qd2 a6 8. O-O-O Bd7 9. f3 h6 10. Be3 Be7 11. g4 Qa5 12. Kb1 Rc8 13. Nb3 Qc7 14. h4 b5 15. Bd3 h5 16. g5 Ng8 17. f4 g6 1/2-1/2

[Event "European School-ch 2019"]
[Site "Mamaia"]
[Date "2019.06.04"]
[Round "5.21"]
[White "Butolo, Alexandru-Mircea"]
[Black "Samunenkov, Ihor"]
[Result "0-1"]
[ECO "A30"]
[WhiteElo "1553"]
[BlackElo "1972"]
[Annotator "NA RC"]
[PlyCount "82"]
[EventDate "2019.05.31"]
[EventType "swiss"]
[EventCountry "ROU"]
[SourceTitle "playchess.com"]
[Source "ChessBase"]
[SourceQuality "1"]
[TimeControl "40/5400+30:1800+30"]

1. c4 c5 2. g3 Nc6 3. Bg2 g6 4. e3 Bg7 5. Ne2 e5 6. Nbc3 d6 7. d3 Nge7 8. O-O O-O 9. Rb1 Be6 10. Nd5 Rb8 11. b3 f5 12. f4 Bxd5 13. cxd5 Nb4 14. fxe5 dxe5 15. e4 Nxa2 16. Be3 b6 17. Ra1 Nb4 18. Rxa7 Nc8 19. Ra1 Nd6 20. Qd2 Ra8 21. Nc3 Rxa1 22. Rxa1 f4 23. Bf2 Bh6 24. gxf4 Bxf4 25. Qe2 Qg5 26. Na4 Nc8 27. Nxc5 bxc5 28. Bxc5 Rf7 29. Ra8 Rc7 30. Bxb4 Rc1+ 31. Be1 Kg7 32. Ra6 Qh4 33. Kf1 Bxh2 34. Rc6 Rb1 35. Rc7+ Kh6 36. Qf2 Qxf2+ 37. Kxf2 Rb2+ 38. Kf3 Nd6 39. Bb4 Nb5 40. Bf8+ Kg5 41. Rxh7 Nd4+ 0-1

[Event "European School-ch 2019"]
[Site "Mamaia"]
[Date "2019.06.04"]
[Round "5.22"]
[White "Cnejev, Vladimir-Alexandru"]
[Black "Zhelev, Nikolay"]
[Result "0-1"]
[ECO "B30"]
[WhiteElo "1970"]
[BlackElo "1710"]
[Annotator "NA RC"]
[PlyCount "104"]
[EventDate "2019.05.31"]
[EventType "swiss"]
[EventCountry "ROU"]
[SourceTitle "playchess.com"]
[Source "ChessBase"]
[SourceQuality "1"]
[TimeControl "40/5400+30:1800+30"]

1. e4 c5 2. Nf3 Nc6 3. c3 Nf6 4. e5 Nd5 5. d4 cxd4 6. cxd4 d6 7. Bc4 dxe5 8. dxe5 Ndb4 9. Qxd8+ {[%emt 0:00:49] B22: Sicilian: 2 c3} Nxd8 10. Na3 a6 (10... Be6 11. O-O Bxc4 12. Nxc4 Rc8 13. b3 e6 14. Rd1 Ndc6 15. Bb2 Be7 16. Nd4 Nxd4 17. Bxd4 {½-½ (30) Lin,C (2508)-Vidit,S (2717) China 2019}) 11. Bd2 Ndc6 12. O-O Bg4 13. Rac1 $146 ({Predecessor:} 13. e6 Bxe6 14. Bxe6 fxe6 15. Ng5 e5 16. Nc4 Nd3 {½-½ (40) Ioffe,I (2267)-Ismagilov,D (2065) St Petersburg 2018}) 13... e6 14. Bc3 Be7 15. h3 Bf5 16. Rfd1 Be4 17. Kf1 Rd8 18. Rxd8+ Kxd8 19. Nd4 Nxd4 20. Bxd4 Bd5 21. Bb6+ Kd7 22. Bxd5 Nxd5 23. Bd4 Bxa3 24. bxa3 Rc8 25. Rxc8 Kxc8 26. g3 Kc7 27. Ke2 Kc6 28. Kd3 Kb5 29. f3 b6 30. Bb2 Kc5 31. Bd4+ Kb5 32. Bb2 Ka4 33. Bc1 Nc7 34. Be3 Kxa3 35. Bxb6 Nd5 36. Bd4 Kxa2 37. Kc4 Kb1 38. Kc5 Kc2 39. Kc6 Kd3 40. Ba1 Ke3 41. Kd7 Kxf3 42. Ke8 Kxg3 43. Kxf7 Nf4 44. Kxg7 h5 45. Bc3 h4 46. Bd2 Nxh3 47. Kf6 Nf4 48. Kg5 Nd3 49. Be3 h3 50. Bg1 h2 51. Bxh2+ Kxh2 52. Kf6 Nf4 0-1

[Event "European School-ch 2019"]
[Site "Mamaia"]
[Date "2019.06.04"]
[Round "5.23"]
[White "Celik, Hasan Huseyin"]
[Black "Saioc, David"]
[Result "1-0"]
[ECO "C17"]
[WhiteElo "1727"]
[BlackElo "1744"]
[Annotator "NA RC"]
[PlyCount "101"]
[EventDate "2019.05.31"]
[EventType "swiss"]
[EventCountry "ROU"]
[SourceTitle "playchess.com"]
[Source "ChessBase"]
[SourceQuality "1"]
[TimeControl "40/5400+30:1800+30"]

1. e4 e6 2. d4 d5 3. Nc3 Bb4 4. e5 c5 5. Bd2 cxd4 6. Nb5 Be7 7. f4 Nh6 8. Nxd4 O-O 9. Ngf3 Nc6 10. c3 f6 11. Bd3 f5 12. Qe2 a6 13. O-O-O Bd7 14. h3 b5 15. Nxc6 Bxc6 16. Nd4 Bd7 17. g4 Qa5 18. gxf5 Nxf5 19. Nxf5 exf5 20. Kb1 Qb6 21. Be3 Qb7 22. Bd4 Be6 23. Rhg1 Rac8 24. Qh5 Bc5 25. Qh6 Bxd4 26. cxd4 Kh8 27. Qh4 b4 28. Rc1 Qb6 29. Qf2 Rcd8 30. Rc5 Qb7 31. Rgc1 Qf7 32. Qg2 Ra8 33. Rc7 Bd7 34. R1c5 Qe6 35. Qxd5 Qg6 36. Rxd7 Qg1+ 37. Rc1 Qg3 38. Bxf5 Qxf4 39. Bd3 Qe3 40. Qe4 Qh6 41. e6 Rac8 42. Rxc8 Rxc8 43. Qxh7+ Qxh7 44. Bxh7 Kxh7 45. e7 Re8 46. d5 Kg6 47. d6 Kf7 48. Rd8 g5 49. Kc2 Rxe7 50. dxe7 Kxe7 51. Ra8 1-0

[Event "European School-ch 2019"]
[Site "Mamaia"]
[Date "2019.06.04"]
[Round "5.24"]
[White "Cosac, Robert-Mihai"]
[Black "Gusev, Mikhail"]
[Result "0-1"]
[ECO "A05"]
[WhiteElo "1795"]
[BlackElo "1463"]
[Annotator "NA RC"]
[PlyCount "94"]
[EventDate "2019.05.31"]
[EventType "swiss"]
[EventCountry "ROU"]
[SourceTitle "playchess.com"]
[Source "ChessBase"]
[SourceQuality "1"]
[TimeControl "40/5400+30:1800+30"]

1. Nf3 Nf6 2. e3 g6 3. b3 Bg7 4. Bb2 O-O 5. Be2 d6 6. d4 Nfd7 7. O-O Nc6 8. Nbd2 e5 9. d5 Ne7 10. e4 h6 11. c4 f5 12. Qc2 Nf6 13. Bd3 f4 14. c5 g5 15. cxd6 cxd6 16. Nc4 Ng6 17. Ba3 Ne8 18. Ne1 g4 19. f3 b5 20. Nxd6 Nxd6 21. Qc6 g3 22. Qxd6 Qh4 23. h3 Kh7 24. Qc6 Rg8 25. Qc2 Bd7 26. Qe2 a6 27. Rc1 Rgc8 28. Rc5 Nh8 29. Nc2 Nf7 30. Nd4 Rxc5 31. Bxc5 Rc8 32. Bb4 Ng5 33. Nf5 Bxf5 34. exf5 e4 35. f6 Bxf6 36. Bxe4+ Kg7 37. Bf5 Rd8 38. d6 a5 39. Bc5 Qh5 40. Qxb5 Nxf3+ 41. Rxf3 Qxf5 42. Qc4 Rc8 43. Rxf4 Qxc5+ 44. Qxc5 Rxc5 45. Rg4+ Kf7 46. Rxg3 Rc1+ 47. Kf2 Bh4 0-1

[Event "European School-ch 2019"]
[Site "Mamaia"]
[Date "2019.06.04"]
[Round "5.25"]
[White "Kolesov, Gordey"]
[Black "Kotolashvili, Davit"]
[Result "0-1"]
[ECO "D31"]
[WhiteElo "1745"]
[BlackElo "1374"]
[Annotator "NA"]
[PlyCount "154"]
[EventDate "2019.05.31"]
[EventType "swiss"]
[EventCountry "ROU"]
[SourceTitle "playchess.com"]
[Source "ChessBase"]
[SourceQuality "1"]
[TimeControl "40/5400+30:1800+30"]

1. d4 d5 2. c4 e6 3. Nc3 Be7 4. cxd5 exd5 5. Bf4 c6 6. Qc2 Nf6 7. e3 Nbd7 8. h3 O-O 9. Bd3 Re8 10. Nf3 Nf8 11. Ne5 Bd6 12. Bh2 a6 13. O-O N6d7 14. Nf3 Bxh2+ 15. Kxh2 Ng6 16. Ne2 Nf6 17. Ng3 Qe7 18. Bxg6 hxg6 19. Ne5 Be6 20. Qc3 Rac8 21. b4 Bf5 22. Nxf5 gxf5 23. Qc2 Qxb4 24. Qxf5 Qe7 25. Rfc1 c5 26. g4 Ne4 27. Kg2 c4 28. Nd7 Qe6 29. Qxe6 Rxe6 30. Rab1 b5 31. a4 Rc7 32. Ne5 Rb7 33. axb5 axb5 34. f3 Nd2 35. Rb2 Nb3 36. Re1 Ra6 37. e4 Ra3 38. exd5 c3 39. Rf2 Nxd4 40. d6 Ra6 41. d7 Rd6 42. Ra2 Rb8 43. Ra7 Rd8 44. Rc7 b4 45. Ng6 Ne6 46. Rxe6 fxe6 47. Ne5 R6xd7 48. Nxd7 Rxd7 49. Rxd7 c2 50. Rc7 b3 51. Kg3 b2 52. Rxc2 b1=Q 53. Re2 Kf7 54. Kg2 Qd3 55. Re4 Kf6 56. Kf2 e5 57. Kg2 Qd2+ 58. Kg3 Qd1 59. Kg2 g5 60. Kf2 Qh1 61. Ke2 Qg2+ 62. Ke3 Qxh3 63. Ra4 Qg3 64. Ke2 Qg2+ 65. Ke3 Qf1 66. Ra2 Qg1+ 67. Rf2 Ke6 68. Ke2 Qc1 69. Rf1 Qc2+ 70. Ke3 Kd5 71. Re1 e4 72. fxe4+ Qxe4+ 73. Kf2 Qxg4 74. Re3 Qf4+ 75. Rf3 Ke4 76. Rxf4+ Kxf4 77. Kg2 Ke5 0-1